Providence Bruins vs Erie Otters
Created - Monday, March 27, 2023 at 08:08
Goals
|
| Providence Bruins |
1 |
0 |
0 |
1 |
| Erie Otters |
0 |
2 |
1 |
3 |
|
Shots
|
| Providence Bruins |
13 |
7 |
6 |
26 |
| Erie Otters |
6 |
9 |
15 |
30 |
|
1st period
1. Providence Bruins , Morgan Geekie 3 (Joe Veleno 4, John-Jason Peterka 8) at 17:31 (PP)
Penalties :
Trent Frederic (ERO) for Tripping (Minor) at 17:14, Andy Andreoff (ERO) for Fighting (Major) at 18:04, John-Jason Peterka (PRB) for Fighting (Major) at 18:04
2nd period
2. Erie Otters , Trent Frederic 11 (Paul Cotter 6, Alex Biega 3) at 1:03
3. Erie Otters , Alex Newhook 5 (Michael Eyssimont 4, Andy Andreoff 12) at 9:25
Penalties :
Michael Eyssimont (ERO) for High sticking (Minor) at 4:45, Jack Studnicka (PRB) for Hooking (Minor) at 10:31, Adam Clendening (ERO) for Hooking (Minor) at 14:46
3rd period
4. Erie Otters , Alex Newhook 6 (Trent Frederic 9, Ty Ronning 2) at 13:39
Penalties :
Paul Cotter (ERO) for Fighting (Major) at 0:50, John-Jason Peterka (PRB) for Fighting (Major) at 0:50, Paul Cotter (ERO) for Fighting (Major) at 13:01, John-Jason Peterka (PRB) for Fighting (Major / Game Misconduct) at 13:01
Goalie Stats
Olivier Rodrigue (PRB), 27 saves from 30 shots - (0.900), L, 3-4-0, 60:00 minutes
Keith Kinkaid (ERO), 25 saves from 26 shots - (0.962), W, 6-4-1, 60:00 minutes
Players Stats for Providence Bruins
Player Name G A P +/- PIM S H SB GA TA FO MP PP MP PK MP
------------------------------------------------------------------------------------
Austin Wagner 0 0 0 -2 0 3 4 0 0 4 0/0 18:28 0:00 0:00
Brandon Coe 0 0 0 0 0 0 1 0 0 0 1/1 13:46 0:00 0:00
Cole Schwindt 0 0 0 0 0 0 1 0 0 1 1/1 18:18 1:35 0:00
Helge Grans 0 0 0 -1 0 0 1 0 0 0 0/0 11:09 0:00 0:00
Jack Studnicka 0 0 0 0 2 6 4 0 0 0 9/12 19:30 1:35 0:00
Jacob Moverare 0 0 0 -1 0 0 0 0 0 1 0/0 18:20 1:55 0:47
Jared McIsaac 0 0 0 0 0 0 0 0 0 0 0/0 6:09 0:00 0:00
Joe Veleno 0 1 1 -3 0 1 3 1 1 1 2/3 24:58 2:40 1:08
John-Jason Peterka 0 1 1 0 25 6 2 1 0 0 1/2 14:35 2:40 0:47
Jordan Spence 0 0 0 -1 0 3 4 2 0 1 0/0 24:28 2:20 1:12
Jordy Bellerive 0 0 0 -1 0 0 0 0 0 0 4/8 9:34 0:00 0:41
Logan Hutsko 0 0 0 0 0 1 2 1 0 0 3/4 14:53 0:00 0:00
Marc Del Gaizo 0 0 0 0 0 0 0 0 0 0 0/0 6:09 0:00 0:00
Michal Teply 0 0 0 0 0 1 2 0 0 0 0/1 19:06 1:35 0:14
Morgan Geekie 1 0 1 -3 0 2 2 1 1 1 13/25 24:37 2:40 1:08
Nick Perbix 0 0 0 -1 0 0 2 1 0 0 0/0 18:20 1:55 0:47
Nikolai Knyzhov 0 0 0 -1 0 3 2 4 0 1 0/0 24:22 2:20 1:12
Samuel Bolduc 0 0 0 -1 0 0 0 0 0 0 0/0 11:15 0:00 0:00
Players Stats for Erie Otters
Player Name G A P +/- PIM S H SB GA TA FO MP PP MP PK MP
------------------------------------------------------------------------------------
Aaron Luchuk 0 0 0 0 0 2 1 0 2 0 1/3 14:02 0:00 0:59
Abbott Girduckis 0 0 0 0 0 0 1 0 0 0 0/4 6:38 0:00 0:00
Adam Brubacher 0 0 0 1 0 0 0 0 0 0 0/0 4:14 0:00 0:00
Adam Clendening 0 0 0 0 2 1 0 0 0 0 0/0 20:16 1:10 1:03
Alec McCrea 0 0 0 0 0 0 0 0 0 0 0/0 13:40 0:00 0:00
Alex Biega 0 1 1 2 0 0 0 1 0 0 0/0 23:13 0:49 2:44
Alex Gallant 0 0 0 0 0 1 4 0 0 0 0/2 12:35 0:00 0:00
Alex Newhook 2 0 2 3 0 7 1 1 2 1 14/31 24:55 1:00 2:18
Alex Petrovic 0 0 0 0 0 1 2 0 0 0 0/0 18:53 1:10 1:31
Alex-Olivier Voyer 0 0 0 0 0 1 3 0 0 0 0/0 10:07 0:00 0:00
Andy Andreoff 0 1 1 0 5 1 0 1 0 0 1/7 17:16 0:59 1:29
Kevin Davis 0 0 0 0 0 0 0 0 1 0 0/0 14:08 0:00 0:28
Matt Tennyson 0 0 0 3 0 2 0 3 0 1 0/0 25:57 0:49 2:44
Michael Eyssimont 0 1 1 0 2 2 2 0 1 0 0/0 17:55 0:59 0:11
Paul Cotter 0 1 1 2 10 1 0 0 0 0 2/2 16:24 1:00 1:15
Sampo Ranta 0 0 0 0 0 0 2 1 1 0 1/3 17:16 0:59 0:17
Trent Frederic 1 1 2 3 2 5 1 0 2 0 1/1 20:53 1:00 2:01
Ty Ronning 0 1 1 1 0 6 0 1 1 0 3/4 17:17 0:00 0:00
3 Stars
1 - Alex Newhook (ERO)
2 - Trent Frederic (ERO)
3 - Keith Kinkaid (ERO)
Power Play
Providence Bruins - 1 on 3 Attempt(s) - 33.33%
Erie Otters - 0 on 1 Attempt(s) - 0.00%
Penalty Kill
Providence Bruins - 1 on 1 Attempt(s) - 100.00%
- Score 0 goal in Penalty Kill
Erie Otters - 2 on 3 Attempt(s) - 66.67%
- Score 0 goal in Penalty Kill
Team Stat
Providence Bruins - Hits : 30 - Faceoff Wins : 34 - Blocked Shots : 11 - Penalty Minutes : 27
Erie Otters - Hits : 17 - Faceoff Wins : 23 - Blocked Shots : 8 - Penalty Minutes : 21
Official
Referees : Garrett Rank and Rob Martell
Linesman : Steve Miller and Jonny Murray
Game Notes
Andy Andreoff beats up John-Jason Peterka at 18:04 of 1st period
Paul Cotter beats up John-Jason Peterka at 0:50 of 3rd period
Paul Cotter beats up John-Jason Peterka at 13:01 of 3rd period
John-Jason Peterka ejected from game at 13:01 of 3rd period
Providence Bruins
5 vs 5 Forward
Center Left Wing Right Wing Time % Phy DF OF
1 Morgan Geekie Joe Veleno John-Jason Peterka 40 1 2 2
2 Jack Studnicka Michal Teply Cole Schwindt 30 1 2 2
3 Logan Hutsko Austin Wagner Brandon Coe 20 1 2 2
4 Jordy Bellerive Morgan Geekie Joe Veleno 10 1 2 2
5 vs 5 Defense
Defense Defense Time % Phy DF OF
1 Jordan Spence Nikolai Knyzhov 40 1 2 2
2 Jacob Moverare Nick Perbix 30 1 2 2
3 Samuel Bolduc Helge Grans 20 1 2 2
4 Jared McIsaac Marc Del Gaizo 10 1 2 2
PowerPlay Forward
Center Left Wing Right Wing Time % Phy DF OF
1 Morgan Geekie Joe Veleno John-Jason Peterka 60 1 2 2
2 Jack Studnicka Michal Teply Cole Schwindt 40 1 2 2
PowerPlay Defense
Defense Defense Time % Phy DF OF
1 Jordan Spence Nikolai Knyzhov 60 1 2 2
2 Jacob Moverare Nick Perbix 40 1 2 2
Penalty Kill 4 Players Forward
Center Wing Time % Phy DF OF
1 Morgan Geekie Joe Veleno 60 1 2 2
2 John-Jason Peterka Jack Studnicka 40 1 2 2
Penalty Kill 4 Players Defense
Defense Defense Time % Phy DF OF
1 Jordan Spence Nikolai Knyzhov 60 1 2 2
2 Jacob Moverare Nick Perbix 40 1 2 2
Penalty Kill - 3 Players Forward
Forward Time % Phy DF OF
1 Morgan Geekie 60 1 2 2
2 Joe Veleno 40 1 2 2
Penalty Kill - 3 Players Defense
Defense Defense Time % Phy DF OF
1 Jordan Spence Nikolai Knyzhov 60 1 2 2
2 Jacob Moverare Nick Perbix 40 1 2 2
4 vs 4 Forward
Center Wing Time % Phy DF OF
1 Morgan Geekie Joe Veleno 60 1 2 2
2 John-Jason Peterka Jack Studnicka 40 1 2 2
4 vs 4 Defense
Defense Defense Time % Phy DF OF
1 Jordan Spence Nikolai Knyzhov 60 1 2 2
2 Jacob Moverare Nick Perbix 40 1 2 2
Last Minutes Offensive
Center Left Wing Right Wing Defense Defense
Morgan Geekie Joe Veleno John-Jason Peterka Jordan Spence Nikolai Knyzhov
Last Minutes Defensive
Center Left Wing Right Wing Defense Defense
Morgan Geekie Joe Veleno John-Jason Peterka Jordan Spence Nikolai Knyzhov
Goaltenders
Starting : Olivier Rodrigue
Backup : Trent Miner
Extra Forwards
Normal : Austin Wagner, Logan Hutsko, Jordy Bellerive - PP : Austin Wagner, Logan Hutsko - PK : Jordy Bellerive
Extra Defensemen
Normal : Samuel Bolduc, Helge Grans, Jared McIsaac - PP : Samuel Bolduc - PK : Helge Grans, Jared McIsaac
Penalty Shots
Morgan Geekie, Joe Veleno, John-Jason Peterka, Jack Studnicka, Cole Schwindt
Erie Otters
5 vs 5 Forward
Center Left Wing Right Wing Time % Phy DF OF
1 Alex Newhook Trent Frederic Paul Cotter 40 1 2 2
2 Andy Andreoff Michael Eyssimont Sampo Ranta 30 1 2 2
3 Aaron Luchuk Alex Gallant Ty Ronning 20 1 2 2
4 Abbott Girduckis Alex Newhook Alex-Olivier Voyer 10 1 2 2
5 vs 5 Defense
Defense Defense Time % Phy DF OF
1 Matt Tennyson Alex Biega 40 1 2 2
2 Adam Clendening Alex Petrovic 30 1 2 2
3 Alec McCrea Kevin Davis 20 1 2 2
4 Adam Brubacher Matt Tennyson 10 1 2 2
PowerPlay Forward
Center Left Wing Right Wing Time % Phy DF OF
1 Alex Newhook Trent Frederic Paul Cotter 60 1 2 2
2 Andy Andreoff Michael Eyssimont Sampo Ranta 40 1 2 2
PowerPlay Defense
Defense Defense Time % Phy DF OF
1 Matt Tennyson Alex Biega 60 1 2 2
2 Adam Clendening Alex Petrovic 40 1 2 2
Penalty Kill 4 Players Forward
Center Wing Time % Phy DF OF
1 Alex Newhook Trent Frederic 60 1 2 2
2 Andy Andreoff Paul Cotter 40 1 2 2
Penalty Kill 4 Players Defense
Defense Defense Time % Phy DF OF
1 Matt Tennyson Alex Biega 60 1 2 2
2 Adam Clendening Alex Petrovic 40 1 2 2
Penalty Kill - 3 Players Forward
Forward Time % Phy DF OF
1 Alex Newhook 60 1 2 2
2 Trent Frederic 40 1 2 2
Penalty Kill - 3 Players Defense
Defense Defense Time % Phy DF OF
1 Matt Tennyson Alex Biega 60 1 2 2
2 Adam Clendening Alex Petrovic 40 1 2 2
4 vs 4 Forward
Center Wing Time % Phy DF OF
1 Alex Newhook Trent Frederic 60 1 2 2
2 Andy Andreoff Paul Cotter 40 1 2 2
4 vs 4 Defense
Defense Defense Time % Phy DF OF
1 Matt Tennyson Alex Biega 60 1 2 2
2 Adam Clendening Alex Petrovic 40 1 2 2
Last Minutes Offensive
Center Left Wing Right Wing Defense Defense
Alex Newhook Trent Frederic Paul Cotter Matt Tennyson Alex Biega
Last Minutes Defensive
Center Left Wing Right Wing Defense Defense
Alex Newhook Trent Frederic Paul Cotter Matt Tennyson Alex Biega
Goaltenders
Starting : Keith Kinkaid
Backup : Brad Thiessen
Extra Forwards
Normal : Ty Ronning, Alex-Olivier Voyer, Aaron Luchuk - PP : Ty Ronning, Alex-Olivier Voyer - PK : Aaron Luchuk
Extra Defensemen
Normal : Alec McCrea, Kevin Davis, Adam Brubacher - PP : Alec McCrea - PK : Kevin Davis, Adam Brubacher
Penalty Shots
Alex Newhook, Trent Frederic, Andy Andreoff, Paul Cotter, Michael Eyssimont
% Time on Ice - Providence Bruins
Lines # - Real PCT - Wanted PCT - Time Play
Normal Forward
1 - 36% - 40% - 19:24
2 - 32% - 30% - 17:12
3 - 24% - 20% - 13:03
4 - 8% - 10% - 4:07
Normal Defense
1 - 39% - 40% - 20:50
2 - 29% - 30% - 15:38
3 - 21% - 20% - 11:09
4 - 11% - 10% - 6:09
PP Forward
1 - 63% - 60% - 2:40
2 - 37% - 40% - 1:35
PP Defense
1 - 55% - 60% - 2:20
2 - 45% - 40% - 1:55
PK Forward
1 - 81% - 60% - 1:36
2 - 19% - 40% - 0:23
PK Defense
1 - 61% - 60% - 1:12
2 - 39% - 40% - 0:47
PK3 Forward
1 - 0% - 60%
2 - 0% - 40%
PK3 Defense
1 - 0% - 60%
2 - 0% - 40%
44 Forward
1 - 0% - 60%
2 - 0% - 40%
44 Defense
1 - 0% - 60%
2 - 0% - 40%
Last Minute Offensive - 0:00
Last Minute Defensive - 0:00
Total
Forward - 60:00
Defense - 60:00
|
% Time on Ice - Erie Otters
Lines # - Real PCT - Wanted PCT - Time Play
Normal Forward
1 - 34% - 40% - 18:12
2 - 30% - 30% - 16:21
3 - 23% - 20% - 12:35
4 - 12% - 10% - 6:38
Normal Defense
1 - 37% - 40% - 19:40
2 - 30% - 30% - 16:12
3 - 25% - 20% - 13:40
4 - 8% - 10% - 4:14
PP Forward
1 - 50% - 60% - 1:00
2 - 50% - 40% - 0:59
PP Defense
1 - 41% - 60% - 0:49
2 - 59% - 40% - 1:10
PK Forward
1 - 77% - 60% - 3:17
2 - 23% - 40% - 0:58
PK Defense
1 - 64% - 60% - 2:44
2 - 36% - 40% - 1:31
PK3 Forward
1 - 0% - 60%
2 - 0% - 40%
PK3 Defense
1 - 0% - 60%
2 - 0% - 40%
44 Forward
1 - 0% - 60%
2 - 0% - 40%
44 Defense
1 - 0% - 60%
2 - 0% - 40%
Last Minute Offensive - 0:00
Last Minute Defensive - 0:00
Total
Forward - 60:00
Defense - 60:00
|
Play-by-Play
1st period
0:01 of 1st period - Alex Newhook wins face-off versus Morgan Geekie in neutral zone.
0:32 of 1st period - Slapshot by Jordan Spence.
0:32 of 1st period - Shot Blocked by Alex Biega.
0:34 of 1st period - Slapshot by Jordan Spence.
0:34 of 1st period - Stopped by Keith Kinkaid with a rebound.
0:36 of 1st period - Slapshot by Nikolai Knyzhov.
0:36 of 1st period - Shot Misses the Net.
0:54 of 1st period - Wrist shot by Ty Ronning.
0:54 of 1st period - Shot Blocked by Logan Hutsko.
1:08 of 1st period - Alex-Olivier Voyer is hit by Joe Veleno and loses puck.
1:25 of 1st period - Slapshot by Jack Studnicka.
1:25 of 1st period - Shot Misses the Net.
1:27 of 1st period - Wrist shot by Jack Studnicka.
1:27 of 1st period - Shot Misses the Net.
2:45 of 1st period - Nikolai Knyzhov is hit by Alex Gallant and loses puck.
6:19 of 1st period - Andy Andreoff is hit by Brandon Coe.
7:39 of 1st period - Sampo Ranta is hit by John-Jason Peterka and loses puck.
8:10 of 1st period - Paul Cotter is hit by Morgan Geekie and loses puck.
8:58 of 1st period - Paul Cotter is hit by Austin Wagner.
9:25 of 1st period - Icing by Alex Petrovic.
9:26 of 1st period - Morgan Geekie wins face-off versus Andy Andreoff in Erie Otters zone.
10:24 of 1st period - Icing by Ty Ronning.
10:25 of 1st period - Jordy Bellerive wins face-off versus Abbott Girduckis in Erie Otters zone.
10:28 of 1st period - Wrist shot by Morgan Geekie.
10:28 of 1st period - Shot Blocked by Matt Tennyson.
10:30 of 1st period - Snap shot by Joe Veleno.
10:30 of 1st period - Shot Misses the Net.
10:44 of 1st period - Austin Wagner is hit by Sampo Ranta and loses puck.
11:03 of 1st period - Slapshot by Ty Ronning.
11:03 of 1st period - Shot Misses the Net.
11:45 of 1st period - Snap shot by Logan Hutsko.
11:45 of 1st period - Shot Misses the Net.
13:01 of 1st period - Snap shot by Alex-Olivier Voyer.
13:01 of 1st period - Shot Misses the Net.
13:03 of 1st period - Wrist shot by Abbott Girduckis.
13:03 of 1st period - Deflect By Alex-Olivier Voyer.
13:03 of 1st period - Shot Misses the Net.
13:03 of 1st period - Puck is out of play.
13:04 of 1st period - Jordy Bellerive wins face-off versus Abbott Girduckis in Providence Bruins zone.
13:04 of 1st period - Jordy Bellerive is hit by Alex-Olivier Voyer.
13:12 of 1st period - Snap shot by Joe Veleno.
13:12 of 1st period - Shot Misses the Net.
13:24 of 1st period - Cole Schwindt is hit by Michael Eyssimont and loses puck.
13:51 of 1st period - Snap shot by Logan Hutsko.
13:51 of 1st period - Shot Misses the Net.
14:02 of 1st period - Icing by Trent Frederic.
14:03 of 1st period - Morgan Geekie wins face-off versus Alex Gallant in Erie Otters zone.
14:04 of 1st period - Snap shot by John-Jason Peterka.
14:04 of 1st period - Stopped by Keith Kinkaid with a rebound.
14:14 of 1st period - Wrist shot by Aaron Luchuk.
14:14 of 1st period - Stopped by Olivier Rodrigue without a rebound.
14:15 of 1st period - Jack Studnicka wins face-off versus Alex Newhook in Providence Bruins zone.
14:40 of 1st period - Joe Veleno is hit by Sampo Ranta and loses puck.
15:03 of 1st period - Snap shot by Ty Ronning.
15:03 of 1st period - Stopped by Olivier Rodrigue with a rebound.
15:05 of 1st period - Slapshot by Ty Ronning.
15:05 of 1st period - Shot Blocked by Nick Perbix.
15:07 of 1st period - Slapshot by Alex Gallant.
15:07 of 1st period - Shot Misses the Net.
15:09 of 1st period - Wrist shot by Aaron Luchuk.
15:09 of 1st period - Stopped by Olivier Rodrigue with a rebound.
15:11 of 1st period - Snap shot by Alex Gallant.
15:11 of 1st period - Deflect By Ty Ronning.
15:11 of 1st period - Stopped by Olivier Rodrigue with a rebound.
15:21 of 1st period - Alec McCrea is hit by Jack Studnicka and loses puck.
15:38 of 1st period - Snap shot by John-Jason Peterka.
15:38 of 1st period - Deflect By Alex Newhook.
15:38 of 1st period - Stopped by Keith Kinkaid without a rebound.
15:39 of 1st period - Morgan Geekie wins face-off versus Andy Andreoff in Erie Otters zone.
16:06 of 1st period - Jared McIsaac is hit by Trent Frederic.
16:28 of 1st period - Snap shot by Logan Hutsko.
16:28 of 1st period - Stopped by Keith Kinkaid with a rebound.
16:30 of 1st period - Snap shot by Jordan Spence.
16:30 of 1st period - Stopped by Keith Kinkaid with a rebound.
16:32 of 1st period - Snap shot by Jacob Moverare.
16:32 of 1st period - Shot Misses the Net.
16:34 of 1st period - Slapshot by Nick Perbix.
16:34 of 1st period - Shot Hit the Post.
16:50 of 1st period - Slapshot by John-Jason Peterka.
16:50 of 1st period - Stopped by Keith Kinkaid with a rebound.
17:02 of 1st period - Snap shot by Jack Studnicka.
17:02 of 1st period - Stopped by Keith Kinkaid without a rebound.
17:03 of 1st period - Jack Studnicka wins face-off versus Alex Newhook in Erie Otters zone.
17:04 of 1st period - Snap shot by Michal Teply.
17:04 of 1st period - Deflect By Cole Schwindt.
17:04 of 1st period - Shot Blocked by Alex Newhook.
17:04 of 1st period - Puck is out of play.
17:05 of 1st period - Jack Studnicka wins face-off versus Alex Newhook in Erie Otters zone.
17:06 of 1st period - Snap shot by Michal Teply.
17:06 of 1st period - Stopped by Keith Kinkaid with a rebound.
17:08 of 1st period - Wrist shot by Jack Studnicka.
17:08 of 1st period - Stopped by Keith Kinkaid with a rebound.
17:10 of 1st period - Wrist shot by Jack Studnicka.
17:10 of 1st period - Deflect By Michal Teply.
17:10 of 1st period - Shot Misses the Net.
17:10 of 1st period - Puck is out of play.
17:11 of 1st period - Alex Newhook wins face-off versus John-Jason Peterka in Erie Otters zone.
17:11 of 1st period - Alex Newhook is hit by Joe Veleno.
17:14 of 1st period - Minor Penalty to Trent Frederic for Tripping.
17:15 of 1st period - Alex Newhook wins face-off versus Joe Veleno in Erie Otters zone.
17:31 of 1st period - Snap shot by Morgan Geekie.
17:31 of 1st period - Goal by Morgan Geekie - Providence Bruins : 1 - Erie Otters : 0.
17:32 of 1st period - Alex Newhook wins face-off versus Morgan Geekie in neutral zone.
17:35 of 1st period - Slapshot by John-Jason Peterka.
17:35 of 1st period - Stopped by Keith Kinkaid without a rebound.
17:36 of 1st period - Paul Cotter wins face-off versus Morgan Geekie in Erie Otters zone.
17:55 of 1st period - Icing by Nikolai Knyzhov.
17:56 of 1st period - Morgan Geekie wins face-off versus Andy Andreoff in Providence Bruins zone.
18:03 of 1st period - Slapshot by Andy Andreoff.
18:03 of 1st period - Stopped by Olivier Rodrigue with a rebound.
18:04 of 1st period - Andy Andreoff beats up John-Jason Peterka.
18:04 of 1st period - Penalty to Andy Andreoff for Fighting.
18:04 of 1st period - Penalty to John-Jason Peterka for Fighting.
18:05 of 1st period - Alex Newhook wins face-off versus Morgan Geekie in Providence Bruins zone.
18:53 of 1st period - Logan Hutsko is hit by Alex-Olivier Voyer and loses puck.
19:10 of 1st period - Snap shot by Aaron Luchuk.
19:10 of 1st period - Shot Misses the Net.
19:12 of 1st period - Backhand shot by Ty Ronning.
19:12 of 1st period - Stopped by Olivier Rodrigue without a rebound.
19:13 of 1st period - Jack Studnicka wins face-off versus Aaron Luchuk in Providence Bruins zone.
19:22 of 1st period - Snap shot by Jack Studnicka.
19:22 of 1st period - Stopped by Keith Kinkaid with a rebound.
19:28 of 1st period - Snap shot by Michal Teply.
19:28 of 1st period - Shot Blocked by Matt Tennyson.
19:59 of 1st period - Slapshot by Jordan Spence.
19:59 of 1st period - Stopped by Keith Kinkaid with a rebound.
Goals for this period are 1 for Providence Bruins vs 0 for Erie Otters.
Shots for this period are 13 for Providence Bruins vs 6 for Erie Otters.
2nd period
0:01 of 2nd period - Trent Frederic wins face-off versus Morgan Geekie in neutral zone.
0:31 of 2nd period - Off-side.
0:32 of 2nd period - Jack Studnicka wins face-off versus Ty Ronning in neutral zone.
0:39 of 2nd period - Snap shot by Jack Studnicka.
0:39 of 2nd period - Stopped by Keith Kinkaid with a rebound.
0:45 of 2nd period - Wrist shot by Jack Studnicka.
0:45 of 2nd period - Stopped by Keith Kinkaid with a rebound.
0:47 of 2nd period - Slapshot by Nikolai Knyzhov.
0:47 of 2nd period - Stopped by Keith Kinkaid with a rebound.
0:49 of 2nd period - Slapshot by Jordan Spence.
0:49 of 2nd period - Deflect By Michal Teply.
0:49 of 2nd period - Shot Blocked by Ty Ronning.
0:49 of 2nd period - Puck is out of play.
0:50 of 2nd period - Joe Veleno wins face-off versus Alex Newhook in Erie Otters zone.
1:01 of 2nd period - Snap shot by Paul Cotter.
1:01 of 2nd period - Shot Misses the Net.
1:03 of 2nd period - Snap shot by Trent Frederic.
1:03 of 2nd period - Goal by Trent Frederic - Providence Bruins : 1 - Erie Otters : 1.
1:04 of 2nd period - Morgan Geekie wins face-off versus Alex Newhook in neutral zone.
1:07 of 2nd period - Slapshot by Morgan Geekie.
1:07 of 2nd period - Shot Misses the Net.
1:09 of 2nd period - Slapshot by Jordan Spence.
1:09 of 2nd period - Deflect By Austin Wagner.
1:09 of 2nd period - Deflect By Alex Newhook.
1:09 of 2nd period - Shot Misses the Net.
1:09 of 2nd period - Puck is out of play.
1:10 of 2nd period - Morgan Geekie wins face-off versus Alex Newhook in Erie Otters zone.
1:17 of 2nd period - Wrist shot by Joe Veleno.
1:17 of 2nd period - Stopped by Keith Kinkaid without a rebound.
1:18 of 2nd period - Paul Cotter wins face-off versus Morgan Geekie in Erie Otters zone.
2:33 of 2nd period - Jack Studnicka is hit by Michael Eyssimont and loses puck.
3:20 of 2nd period - Wrist shot by Alex-Olivier Voyer.
3:20 of 2nd period - Stopped by Olivier Rodrigue without a rebound.
3:21 of 2nd period - Jordy Bellerive wins face-off versus Abbott Girduckis in Providence Bruins zone.
3:21 of 2nd period - Jordy Bellerive is hit by Alex-Olivier Voyer.
3:42 of 2nd period - Alex Biega is hit by Cole Schwindt and loses puck.
4:09 of 2nd period - Slapshot by Aaron Luchuk.
4:09 of 2nd period - Deflect By Ty Ronning.
4:09 of 2nd period - Shot Blocked by Nikolai Knyzhov.
4:09 of 2nd period - Puck is out of play.
4:10 of 2nd period - Morgan Geekie wins face-off versus Alex Newhook in Providence Bruins zone.
4:10 of 2nd period - Morgan Geekie is hit by Alex Petrovic.
4:23 of 2nd period - Wrist shot by Morgan Geekie.
4:23 of 2nd period - Deflect By John-Jason Peterka.
4:23 of 2nd period - Deflect By Adam Clendening.
4:23 of 2nd period - Stopped by Keith Kinkaid with a rebound.
4:45 of 2nd period - Minor Penalty to Michael Eyssimont for High sticking.
4:46 of 2nd period - Alex Newhook wins face-off versus Morgan Geekie in Erie Otters zone.
4:52 of 2nd period - Wrist shot by Trent Frederic.
4:52 of 2nd period - Stopped by Olivier Rodrigue with a rebound.
5:29 of 2nd period - Adam Clendening is hit by Jordan Spence.
6:10 of 2nd period - Morgan Geekie is hit by Alex Petrovic and loses puck.
6:37 of 2nd period - Backhand shot by Paul Cotter.
6:37 of 2nd period - Shot Blocked by Joe Veleno.
6:45 of 2nd period - Penalty to Michael Eyssimont is over, Michael Eyssimont is back on ice.
6:51 of 2nd period - Aaron Luchuk is hit by Logan Hutsko and loses puck.
7:00 of 2nd period - Wrist shot by Austin Wagner.
7:00 of 2nd period - Stopped by Keith Kinkaid with a rebound.
7:28 of 2nd period - Abbott Girduckis is hit by Jack Studnicka and loses puck.
7:47 of 2nd period - Snap shot by Andy Andreoff.
7:47 of 2nd period - Shot Misses the Net.
7:53 of 2nd period - Slapshot by Michael Eyssimont.
7:53 of 2nd period - Stopped by Olivier Rodrigue with a rebound.
8:59 of 2nd period - Jacob Moverare is hit by Abbott Girduckis and loses puck.
9:21 of 2nd period - Icing by Joe Veleno.
9:22 of 2nd period - Andy Andreoff wins face-off versus Jordy Bellerive in Providence Bruins zone.
9:25 of 2nd period - Snap shot by Alex Newhook.
9:25 of 2nd period - Goal by Alex Newhook - Providence Bruins : 1 - Erie Otters : 2.
9:26 of 2nd period - Jack Studnicka wins face-off versus Alex Newhook in neutral zone.
9:53 of 2nd period - Alex Biega is hit by Nikolai Knyzhov and loses puck.
10:04 of 2nd period - Snap shot by Joe Veleno.
10:04 of 2nd period - Deflect By Michael Eyssimont.
10:04 of 2nd period - Shot Blocked by Sampo Ranta.
10:04 of 2nd period - Puck is out of play.
10:05 of 2nd period - Alex Newhook wins face-off versus Morgan Geekie in Erie Otters zone.
10:31 of 2nd period - Minor Penalty to Jack Studnicka for Hooking.
10:32 of 2nd period - Morgan Geekie wins face-off versus Alex Newhook in Providence Bruins zone.
11:05 of 2nd period - Wrist shot by Matt Tennyson.
11:05 of 2nd period - Shot Misses the Net.
11:07 of 2nd period - Slapshot by Andy Andreoff.
11:07 of 2nd period - Shot Misses the Net.
12:10 of 2nd period - Icing by Sampo Ranta.
12:11 of 2nd period - Jordy Bellerive wins face-off versus Sampo Ranta in Erie Otters zone.
12:31 of 2nd period - Penalty to Jack Studnicka is over, Jack Studnicka is back on ice.
12:59 of 2nd period - Slapshot by Matt Tennyson.
12:59 of 2nd period - Stopped by Olivier Rodrigue with a rebound.
13:01 of 2nd period - Wrist shot by Alex Newhook.
13:01 of 2nd period - Stopped by Olivier Rodrigue without a rebound.
13:02 of 2nd period - Brandon Coe wins face-off versus Alex Gallant in Providence Bruins zone.
13:25 of 2nd period - Michael Eyssimont is hit by Jack Studnicka and loses puck.
13:32 of 2nd period - Wrist shot by Jack Studnicka.
13:32 of 2nd period - Shot Misses the Net.
13:45 of 2nd period - Off-side.
13:46 of 2nd period - Logan Hutsko wins face-off versus Alex Newhook in neutral zone.
14:20 of 2nd period - Snap shot by Jack Studnicka.
14:20 of 2nd period - Shot Misses the Net.
14:32 of 2nd period - Snap shot by Alex Gallant.
14:32 of 2nd period - Shot Blocked by John-Jason Peterka.
14:34 of 2nd period - Slapshot by Alex Petrovic.
14:34 of 2nd period - Stopped by Olivier Rodrigue with a rebound.
14:46 of 2nd period - Minor Penalty to Adam Clendening for Hooking.
14:47 of 2nd period - Morgan Geekie wins face-off versus Alex Newhook in Erie Otters zone.
15:13 of 2nd period - Matt Tennyson is hit by Jordan Spence and loses puck.
15:59 of 2nd period - Wrist shot by Morgan Geekie.
15:59 of 2nd period - Stopped by Keith Kinkaid without a rebound.
16:00 of 2nd period - Alex Newhook wins face-off versus Jack Studnicka in Erie Otters zone.
16:39 of 2nd period - Slapshot by Matt Tennyson.
16:39 of 2nd period - Stopped by Olivier Rodrigue with a rebound.
16:46 of 2nd period - Penalty to Adam Clendening is over, Adam Clendening is back on ice.
18:41 of 2nd period - Adam Clendening is hit by Jordan Spence and loses puck.
19:00 of 2nd period - Alex Gallant is hit by Jack Studnicka and loses puck.
19:15 of 2nd period - Alex-Olivier Voyer is hit by Michal Teply and loses puck.
Goals for this period are 0 for Providence Bruins vs 2 for Erie Otters.
Shots for this period are 7 for Providence Bruins vs 9 for Erie Otters.
3rd period
0:01 of 3rd period - Alex Newhook wins face-off versus Morgan Geekie in neutral zone.
0:06 of 3rd period - Wrist shot by Trent Frederic.
0:06 of 3rd period - Shot Blocked by Jordan Spence.
0:08 of 3rd period - Snap shot by Alex Newhook.
0:08 of 3rd period - Shot Misses the Net.
0:31 of 3rd period - Wrist shot by Sampo Ranta.
0:31 of 3rd period - Deflect By Michal Teply.
0:31 of 3rd period - Shot Blocked by Nikolai Knyzhov.
0:31 of 3rd period - Puck is out of play.
0:32 of 3rd period - Alex Newhook wins face-off versus Jack Studnicka in Providence Bruins zone.
0:35 of 3rd period - Slapshot by Trent Frederic.
0:35 of 3rd period - Stopped by Olivier Rodrigue without a rebound.
0:36 of 3rd period - John-Jason Peterka wins face-off versus Alex Newhook in Providence Bruins zone.
0:50 of 3rd period - Paul Cotter beats up John-Jason Peterka.
0:50 of 3rd period - Penalty to Paul Cotter for Fighting.
0:50 of 3rd period - Penalty to John-Jason Peterka for Fighting.
0:51 of 3rd period - Morgan Geekie wins face-off versus Alex Newhook in Providence Bruins zone.
1:01 of 3rd period - Icing by Jordan Spence.
1:02 of 3rd period - Joe Veleno wins face-off versus Alex Newhook in Providence Bruins zone.
1:12 of 3rd period - Snap shot by Austin Wagner.
1:12 of 3rd period - Shot Blocked by Matt Tennyson.
2:14 of 3rd period - Alex Biega is hit by Austin Wagner and loses puck.
2:24 of 3rd period - Matt Tennyson is hit by Helge Grans.
2:28 of 3rd period - Snap shot by Alex Newhook.
2:28 of 3rd period - Shot Misses the Net.
2:30 of 3rd period - Snap shot by Alex Newhook.
2:30 of 3rd period - Stopped by Olivier Rodrigue with a rebound.
2:32 of 3rd period - Slapshot by Alex Biega.
2:32 of 3rd period - Shot Misses the Net.
2:36 of 3rd period - Wrist shot by Alex Newhook.
2:36 of 3rd period - Stopped by Olivier Rodrigue with a rebound.
3:39 of 3rd period - Icing by Alex Gallant.
3:40 of 3rd period - Sampo Ranta wins face-off versus Jordy Bellerive in Erie Otters zone.
3:53 of 3rd period - Andy Andreoff is hit by Jordan Spence and loses puck.
4:12 of 3rd period - Trent Frederic is hit by Joe Veleno and loses puck.
4:30 of 3rd period - Ty Ronning is hit by Michal Teply and loses puck.
7:11 of 3rd period - Icing by Samuel Bolduc.
7:12 of 3rd period - Jack Studnicka wins face-off versus Andy Andreoff in Providence Bruins zone.
7:37 of 3rd period - Wrist shot by Austin Wagner.
7:37 of 3rd period - Shot Misses the Net.
7:39 of 3rd period - Slapshot by Nikolai Knyzhov.
7:39 of 3rd period - Deflect By Austin Wagner.
7:39 of 3rd period - Stopped by Keith Kinkaid without a rebound.
7:40 of 3rd period - Alex Newhook wins face-off versus Logan Hutsko in Erie Otters zone.
7:40 of 3rd period - Alex Newhook is hit by Austin Wagner.
8:10 of 3rd period - Backhand shot by Austin Wagner.
8:10 of 3rd period - Stopped by Keith Kinkaid with a rebound.
8:38 of 3rd period - Snap shot by Michael Eyssimont.
8:38 of 3rd period - Stopped by Olivier Rodrigue with a rebound.
8:40 of 3rd period - Snap shot by Alex Petrovic.
8:40 of 3rd period - Shot Blocked by Jordan Spence.
8:54 of 3rd period - Snap shot by Alex Newhook.
8:54 of 3rd period - Deflect By Trent Frederic.
8:54 of 3rd period - Stopped by Olivier Rodrigue with a rebound.
9:53 of 3rd period - Samuel Bolduc is hit by Alex Gallant and loses puck.
9:58 of 3rd period - Snap shot by Alex Gallant.
9:58 of 3rd period - Stopped by Olivier Rodrigue with a rebound.
10:07 of 3rd period - Morgan Geekie is hit by Alex Gallant and loses puck.
10:14 of 3rd period - Aaron Luchuk is hit by John-Jason Peterka and loses puck.
10:21 of 3rd period - Snap shot by John-Jason Peterka.
10:21 of 3rd period - Stopped by Keith Kinkaid with a rebound.
10:29 of 3rd period - Wrist shot by Ty Ronning.
10:29 of 3rd period - Stopped by Olivier Rodrigue without a rebound.
10:30 of 3rd period - Jack Studnicka wins face-off versus Alex Newhook in Providence Bruins zone.
10:35 of 3rd period - Slapshot by Jordan Spence.
10:35 of 3rd period - Shot Misses the Net.
10:37 of 3rd period - Slapshot by Nikolai Knyzhov.
10:37 of 3rd period - Stopped by Keith Kinkaid with a rebound.
10:43 of 3rd period - Snap shot by Michal Teply.
10:43 of 3rd period - Shot Misses the Net.
10:55 of 3rd period - Adam Clendening is hit by Austin Wagner and loses puck.
11:46 of 3rd period - Wrist shot by Ty Ronning.
11:46 of 3rd period - Stopped by Olivier Rodrigue without a rebound.
11:47 of 3rd period - Logan Hutsko wins face-off versus Aaron Luchuk in Providence Bruins zone.
11:47 of 3rd period - Logan Hutsko is hit by Alex Gallant.
12:30 of 3rd period - Snap shot by Alex Newhook.
12:30 of 3rd period - Stopped by Olivier Rodrigue without a rebound.
12:31 of 3rd period - Morgan Geekie wins face-off versus Abbott Girduckis in Providence Bruins zone.
12:43 of 3rd period - Off-side.
12:44 of 3rd period - Cole Schwindt wins face-off versus Andy Andreoff in neutral zone.
12:46 of 3rd period - Off-side.
12:47 of 3rd period - Jack Studnicka wins face-off versus Andy Andreoff in neutral zone.
12:54 of 3rd period - Slapshot by Jordan Spence.
12:54 of 3rd period - Deflect By Cole Schwindt.
12:54 of 3rd period - Shot Blocked by Andy Andreoff.
12:54 of 3rd period - Puck is out of play.
12:55 of 3rd period - Alex Newhook wins face-off versus Morgan Geekie in Erie Otters zone.
13:01 of 3rd period - Paul Cotter beats up John-Jason Peterka.
13:01 of 3rd period - Penalty to Paul Cotter for Fighting.
13:01 of 3rd period - Penalty to John-Jason Peterka for Fighting.
13:01 of 3rd period - John-Jason Peterka is ejected from game.
13:02 of 3rd period - Alex Newhook wins face-off versus Morgan Geekie in Providence Bruins zone.
13:09 of 3rd period - Snap shot by Alex Newhook.
13:09 of 3rd period - Stopped by Olivier Rodrigue without a rebound.
13:10 of 3rd period - Morgan Geekie wins face-off versus Alex Newhook in Providence Bruins zone.
13:10 of 3rd period - Morgan Geekie is hit by Alex Newhook.
13:16 of 3rd period - Slapshot by Nikolai Knyzhov.
13:16 of 3rd period - Stopped by Keith Kinkaid with a rebound.
13:35 of 3rd period - Snap shot by Alex Newhook.
13:35 of 3rd period - Shot Blocked by Morgan Geekie.
13:37 of 3rd period - Wrist shot by Trent Frederic.
13:37 of 3rd period - Stopped by Olivier Rodrigue with a rebound.
13:39 of 3rd period - Wrist shot by Alex Newhook.
13:39 of 3rd period - Goal by Alex Newhook - Providence Bruins : 1 - Erie Otters : 3.
13:40 of 3rd period - Morgan Geekie wins face-off versus Alex Newhook in neutral zone.
13:55 of 3rd period - Snap shot by Joe Veleno.
13:55 of 3rd period - Shot Misses the Net.
14:12 of 3rd period - Wrist shot by Jack Studnicka.
14:12 of 3rd period - Stopped by Keith Kinkaid without a rebound.
14:13 of 3rd period - Ty Ronning wins face-off versus Morgan Geekie in Erie Otters zone.
14:13 of 3rd period - Ty Ronning is hit by Morgan Geekie.
14:38 of 3rd period - Michael Eyssimont is hit by Nick Perbix and loses puck.
14:59 of 3rd period - Austin Wagner is hit by Aaron Luchuk and loses puck.
15:16 of 3rd period - Alex-Olivier Voyer is hit by Nick Perbix and loses puck.
16:13 of 3rd period - Trent Frederic is hit by Nikolai Knyzhov and loses puck.
17:01 of 3rd period - Adam Clendening is hit by Logan Hutsko and loses puck.
17:15 of 3rd period - Icing by Ty Ronning.
17:16 of 3rd period - Aaron Luchuk wins face-off versus Jack Studnicka in Erie Otters zone.
18:17 of 3rd period - Snap shot by Sampo Ranta.
18:17 of 3rd period - Shot Blocked by Nikolai Knyzhov.
18:26 of 3rd period - Icing by Logan Hutsko.
18:27 of 3rd period - Logan Hutsko wins face-off versus Sampo Ranta in Providence Bruins zone.
19:15 of 3rd period - Slapshot by Austin Wagner.
19:15 of 3rd period - Shot Misses the Net.
19:31 of 3rd period - Slapshot by Adam Clendening.
19:31 of 3rd period - Stopped by Olivier Rodrigue without a rebound.
19:32 of 3rd period - Ty Ronning wins face-off versus Jordy Bellerive in Providence Bruins zone.
19:35 of 3rd period - Snap shot by Ty Ronning.
19:35 of 3rd period - Stopped by Olivier Rodrigue with a rebound.
19:37 of 3rd period - Slapshot by Alex Biega.
19:37 of 3rd period - Deflect By Ty Ronning.
19:37 of 3rd period - Shot Blocked by Nikolai Knyzhov.
19:37 of 3rd period - Puck is out of play.
19:38 of 3rd period - Ty Ronning wins face-off versus Michal Teply in Providence Bruins zone.
19:45 of 3rd period - Snap shot by Paul Cotter.
19:45 of 3rd period - Stopped by Olivier Rodrigue without a rebound.
19:46 of 3rd period - Alex Newhook wins face-off versus Jordy Bellerive in Providence Bruins zone.
Goals for this period are 0 for Providence Bruins vs 1 for Erie Otters.
Shots for this period are 6 for Providence Bruins vs 15 for Erie Otters.
Back to the Top